 Dungeon Crawl Stone Soup version 0.28-a0-1235-g7c8fac35f0 (webtiles) character file.

Game seed: 4189064438470053242

383 funkygono the Firebug (level 6, -12/45 HPs)
             Began as a Draconian Fire Elementalist on Dec 24, 2021.
             Mangled by a two-headed ogre (16 damage)
             ... on level 5 of the Dungeon.
             The game lasted 00:08:52 (4615 turns).

funkygono the Firebug (Draconian Fire Elementalist) Turns: 4615, Time: 00:08:53

Health: -12/45     AC:  7    Str: 10    XL:     6   Next: 47%
Magic:  5/12       EV: 12    Int: 18    God:
Gold:   154        SH:  0    Dex: 17    Spells: 4/14 levels left

rFire   . . .      SeeInvis .   d - +0 dagger (venom)
rCold   . . .      Faith    .   (no shield)
rNeg    . . .      Spirit   .   (armour unavailable)
rPois   .          Reflect  .   (helmet restricted)
rElec   .          Harm     .   e - +0 cloak
rCorr   .          Rampage  .   (no gloves)
Will    .....                   (no boots)
Stlth   ++........              (no amulet)
HPRegen 0.15/turn               f - +6 ring of dexterity
MPRegen 0.13/turn               (no ring)

@: very slightly contaminated
A: AC +6, unfitting armour, cold-blooded
a: no special abilities


You were on level 5 of the Dungeon.
You visited 1 branch of the dungeon, and saw 5 of its levels.

You collected 154 gold pieces.

Inventory:

Hand Weapons
 d - a +0 dagger of venom (weapon)
 l - a +0 long sword
Missiles
 c - 85 stones
Armour
 e - a +0 cloak (worn)
 h - a +2 buckler
Jewellery
 f - a +6 ring of dexterity (left hand)
 m - a ring of protection from cold
Scrolls
 i - a scroll of identify
 k - a scroll of fog
Potions
 a - a potion of mutation
 b - 2 potions of invisibility
 g - a potion of curing
 j - a potion of heal wounds


   Skills:
 + Level 0.1 Fighting
 + Level 2.1 Dodging
 - Level 1.7 Stealth
 * Level 4.5 Spellcasting
 * Level 2.7 Conjurations
 * Level 4.9 Fire Magic


You had 4 spell levels left.
You knew the following spells:

 Your Spells              Type           Power      Damage    Failure   Level
a - Foxfire               Conj/Fire      68%        2x1d7     3%          1
b - Scorch                Fire           42%        2d7       2%          2
c - Conjure Flame         Conj/Fire      17%        6-21      9%          3
d - Flame Wave            Conj/Fire      17%        2d5       28%         4

Your spell library contained the following spells:

 Spells                   Type           Power      Damage    Failure   Level
 Inner Flame              Hex/Fire       12%        N/A       16%         3


Dungeon Overview and Level Annotations

Branches:
Dungeon (5/15)
 Temple: D:4-7

Altars:
Yredelemnul

Shops:
D:2 (   D:4 (

Annotations:
D:3 3 runed translucent doors, Yorgos's ghost, amateur DjBe


Innate Abilities, Weirdness & Mutations

Your plain brown scales are hard. (AC +6)
You cannot fit into any form of body armour.
You are cold-blooded and may be slowed by cold attacks.


Message History

Your foxfire dissipates!
Your foxfire dissipates! x2
Magic restored.
Found a stone staircase leading up.
m - a ring of protection from cold You now have 154 gold pieces (gained 7).
A two-headed ogre comes into view.
It is wielding a +0 giant spiked club and a +0 giant club.
Found a hunting sling.
The two-headed ogre shouts in stereo!
Casting: Foxfire (safe; 3% risk of failure)
Confirm with . or Enter, or press ? or * to list all spells.
Flames lash the two-headed ogre.
The two-headed ogre is lightly wounded.
The two-headed ogre's fire resistance burns away.
Casting: Scorch (safe; 2% risk of failure)
Confirm with . or Enter, or press ? or * to list all spells.
Flames lash the two-headed ogre.
The two-headed ogre is burned terribly!
The two-headed ogre is moderately wounded.
The two-headed ogre hits you with a +0 giant spiked club!
The two-headed ogre hits you with a +0 giant club!
Casting: Scorch (safe; 2% risk of failure)
Confirm with . or Enter, or press ? or * to list all spells.
Flames lash the two-headed ogre.
The two-headed ogre is burned terribly!
The two-headed ogre is moderately wounded.
Unknown command.
Casting: Scorch (safe; 2% risk of failure)
Confirm with . or Enter, or press ? or * to list all spells.
You miscast Foxfire.
You are very lightly contaminated with residual magic.
Nothing appears to happen.
The two-headed ogre is no longer more vulnerable to fire.
The two-headed ogre hits you with a +0 giant spiked club!
The two-headed ogre barely misses you.
Casting: Foxfire (safe; 3% risk of failure)
Confirm with . or Enter, or press ? or * to list all spells.
You conjure some foxfire!
The two-headed ogre hits you with a +0 giant spiked club!
* * * LOW HITPOINT WARNING * * *
The two-headed ogre hits you with a +0 giant club!
You die...

.........######.#.###....####...
#........# ##..###....##..#.
#.......########....#.....#...#.
###................##...........
###.....##.................##.
#....###....##..###.......# #
#...............#.##.######
###.........vv.......
##........@..#.....
#......#..O........
#......###..#..### ##....#
#..###.# ##... #....# .. #....
#......).. ##.. ....##..#.
##..?. .# ##.... #


You could see a two-headed ogre (ally target).

Vanquished Creatures
  A water moccasin skeleton (D:5)
  A jelly (D:4)
  An orc priest (D:4)
  A gnoll shaman (D:4)
  A bullfrog skeleton (D:4)
  Ijyb (D:3)
  An orc wizard (D:4)
  A hound skeleton (D:4)
  4 gnolls (D:4)
  2 adders
  2 adder skeletons (D:4)
  3 worms
  A dart slug (D:3)
  3 orcs (D:4)
  5 ball pythons
  4 endoplasms
  A giant cockroach (D:1)
  8 goblins
  10 hobgoblins
  4 jackals
  5 quokkas
  8 bats
  5 frilled lizards
  10 kobolds
  6 rats
89 creatures vanquished.

Vanquished Creatures (others)
  271 foxfires
271 creatures vanquished.

Grand Total: 360 creatures vanquished

Notes
Turn   | Place    | Note
-------+----------+-------------------------------------------
     0 | D:1      | funkygono the Draconian Fire Elementalist began the quest
                  | for the Orb.
     0 | D:1      | Reached XP level 1. HP: 14/14 MP: 3/3
   175 | D:1      | Reached XP level 2. HP: 20/20 MP: 1/5
   180 | D:1      | Learned a level 2 spell: Scorch
   382 | D:1      | Found a faded altar of an unknown god.
   790 | D:1      | Reached XP level 3. HP: 26/26 MP: 1/6
  1010 | D:1      | Learned a level 3 spell: Conjure Flame
  1347 | D:2      | Found Vyufiplu's Weapon Shoppe.
  1764 | D:2      | Reached XP level 4. HP: 33/33 MP: 0/8
  2319 | D:3      | Noticed Ijyb
  2379 | D:3      | Killed Ijyb
  2724 | D:3      | Found a basalt altar of Yredelemnul.
  3138 | D:3      | Found a runed translucent gate.
  3138 | D:3      | Noticed Yorgos's ghost (amateur DjBe)
  3139 | D:3      | Found a runed translucent gate.
  3139 | D:3      | Noticed a kobold brigand
  3140 | D:3      | Found a runed translucent gate.
  3284 | D:4      | Reached XP level 5. HP: 38/38 MP: 5/10
  3289 | D:4      | Learned a level 4 spell: Flame Wave
  3450 | D:4      | Found Uckum Jeo's Antique Weapon Shop.
  3896 | D:4      | Reached XP level 6. HP: 45/45 MP: 6/12
  4481 | D:5      | Entered Level 5 of the Dungeon
  4607 | D:5      | Noticed a two-headed ogre
  4615 | D:5      | Mangled by a two-headed ogre

Illustrated notes

Levels and vault maps discovered:
D:1:      sevenhm_arrival_forest_fort_large_4, layout_rooms,
          hellmonk_ecumenical_altar_arch_garden, minmay_misc_feat_tower,
          item_on_display_a
D:2:      layout_loops_ring, serial_shops, nicolae_shop_statue_plus
D:3:      layout_basic, yredelemnul_altar_generic,
          gammafunk_ghost_nasty_kobolds, uniq_ijyb
D:4:      layout_cave_pods, serial_shops, nicolae_shop_trees
D:5:      layout_cave_pools, minitemple

Skill      XL: |  1  2  3  4  5  6 |
---------------+-------------------+-----
Spellcasting   | 3 4 |  4.5
Fire Magic     | 4 |  4.9
Conjurations   | 2 |  2.7
Dodging        | 2 |  2.1
Fighting       | |  0.1
Stealth        | |  1.7

Action                   |  1- 3 |  4- 6 || total
-------------------------+-------+-------++-------
Melee: Unarmed           |     2 |     3 ||     5
       Dagger            |     4 |     3 ||     7
 Cast: Foxfire           |    69 |    88 ||   157
       Scorch            |     4 |     9 ||    13
  Use: Scroll            |     2 |     5 ||     7
Armor: Skin              |     6 |     3 ||     9
Dodge: Dodged            |    12 |    19 ||    31

Table legend: (Time is in decaauts)
 A = Elapsed time spent in this place.
 B = Non-inter-level travel time spent in this place.
 C = Inter-level travel time spent in this place.
 D = Time resting spent in this place.
 E = Time spent auto-exploring this place.
 F = Levels seen in this place.
 G = Mean time per level.
                   A        B        C        D        E       F      G
               +--------+--------+--------+--------+--------+-----+--------+
         Total |   4594 |   4491 |    103 |      0 |   3876 |   5 |  918.8 |
       Dungeon |   4594 |   4491 |    103 |      0 |   3876 |   5 |  918.8 |
               +--------+--------+--------+--------+--------+-----+--------+

Top non-repeatable levels by time:
     D:4: 1203 daAuts
     D:2: 1176 daAuts
     D:1: 1061 daAuts
     D:3: 1019 daAuts
     D:5: 133 daAuts
